Map: 2000 Atmospheres LE

Players

AGOElazer (Elazer) - Winner!

  • Race: Zerg Zerg
  • League: Grandmaster

Vanya

  • Race: Zerg Zerg
  • League: Master

Event: DreamHack SC2 Masters 2021 Summer

VOD

Have the link to the VOD?

Description

Time

  • Played on: May 27, 2021, 10:13 a.m.
  • Length: 11:58

All games in this series

Show
View Real Time Build Order
Export as new Build Order

AGOElazer Zerg - Winner!

Build Orders: Hatch First 

Get SALT Encoding   

  12  0:01  Drone  
  13  0:12  Overlord  
  13  0:16  Drone  
  14  0:30  Drone x2  
  16  0:47  Hatchery  
  15  0:51  Drone  
  15  0:55  Drone  
  17  0:57  Drone  
  18  1:09  Extractor  
  17  1:13  Spawning Pool  
  17  1:17  Drone  
  17  1:20  Drone  
  18  1:28  Drone  
  19  1:39  Drone  
  20  1:50  Drone  
  21  1:59  Queen x2  
  21  2:00  Zergling x2, Overlord  
  26  2:08  Metabolic Boost  
  26  2:11  Drone x2  
  28  2:21  Zergling x2  
  28  2:22  Drone  
  30  2:33  Hatchery  
  29  2:38  Drone x2  
  31  2:45  Baneling Nest  
  31  2:48  Drone  
  31  2:51  Overlord  
  31  2:59  Drone x2  
  33  3:05  Drone x2  
  33  3:08  Zergling x2  
  33  3:10  Zergling x4  
  33  3:11  Zergling x2  
  33  3:12  Zergling x2  
  39  3:15  Zergling x2  
  41  3:20  Zergling x2  
  41  3:21  Overlord  
  41  3:28  Baneling  
  41  3:29  Baneling x2  
  41  3:33  Drone x2  
  43  3:41  Drone x5  
  48  3:44  Drone x3  
  51  3:51  Overlord  
  51  3:52  Drone  
  52  4:00  Drone x2  
  52  4:02  Lair  
  54  4:04  Extractor  
  56  4:10  Drone x3  
  56  4:11  Overlord  
  56  4:15  Drone x4  
  57  4:18  Drone x2  
  57  4:22  Drone  
  57  4:24  Drone  
  60  4:28  Roach Warren  
  60  4:29  Drone  
  60  4:33  Evolution Chamber  
  60  4:34  Drone  
  60  4:35  Drone  
  60  4:37  Queen  
  63  4:41  Extractor  
  62  4:49  Zergling x2  
  62  4:50  Zergling x8  
  66  4:54  Zergling x14  
  72  5:00  Overlord  
  72  5:05  Zergling x4  
  71  5:12  Zergling x2  
  66  5:18  Zergling x4  
  61  5:24  Spire  
  61  5:25  Extractor  
  61  5:26  Extractor x2, Zerg Melee Weapons Level 1  
  61  5:28  Zergling x16  
  63  5:32  Baneling x3  
  63  5:35  Zergling x4  
  63  5:41  Queen  
  63  5:42  Overlord  
  63  5:47  Baneling x5  
  62  5:50  Overlord  
  62  5:51  Drone x2  
  62  5:53  Drone  
  62  5:54  Drone  
  66  5:59  Drone x3  
  66  6:03  Drone x3  
  68  6:09  Drone x2  
  65  6:17  Zergling x6  
  65  6:18  Zergling x4  
  70  6:21  Overlord  
  70  6:29  Overlord  
  69  6:33  Baneling x2  
  69  6:38  Mutalisk x4  
  76  6:45  Overlord  
  76  6:51  Zergling x18  
  76  6:54  Mutalisk  
  83  7:01  Mutalisk  
  83  7:02  Mutalisk  
  84  7:11  Mutalisk  
  84  7:14  Zergling x12  
  84  7:15  Zergling x2  
  90  7:25  Mutalisk  
  90  7:26  Mutalisk  
  90  7:28  Zerg Flyer Weapons Level 1  
  94  7:33  Mutalisk  
  96  7:41  Drone x5  
  98  7:49  Overlord  
  98  7:50  Mutalisk  
  98  7:51  Mutalisk  
  95  7:55  Mutalisk  
  95  7:58  Overlord x2  
  99  7:59  Drone x3  
  99  8:03  Overlord  
  102  8:17  Queen  
  102  8:18  Mutalisk x4  
  110  8:31  Mutalisk x2  
  110  8:33  Zergling x2  
  110  8:34  Zergling x10  
  115  8:38  Zergling x2  
  115  8:39  Zergling x6  
  111  8:44  Mutalisk  
  111  8:45  Mutalisk  
  108  8:53  Mutalisk  
  106  9:00  Mutalisk  
  106  9:05  Zergling x10  
  111  9:12  Overlord x2  
  111  9:23  Mutalisk x2  
  111  9:24  Mutalisk  
  98  9:25  Zergling x4  
  96  9:32  Mutalisk x2  
  96  9:37  Zergling x6  
  99  9:45  Mutalisk x2  
  90  9:49  Zergling x2  
  90  9:59  Mutalisk  
  87  10:02  Mutalisk  
  87  10:04  Drone x3  
  91  10:09  Zergling x4  
  91  10:11  Baneling  
  91  10:13  Drone  
  94  10:18  Drone x2  
  96  10:31  Mutalisk x2  
  96  10:35  Drone x2  
  100  10:45  Mutalisk x2  
  100  10:50  Zergling x2  
  100  10:51  Zergling x6  
  90  11:01  Zergling x6  
  87  11:09  Mutalisk x3  
  82  11:11  Zergling x2  
  56  11:26  Mutalisk  
  56  11:30  Zergling x6  
Show
View Real Time Build Order
Export as new Build Order

Vanya Zerg 

Build Orders: Hatch First 

Get SALT Encoding   

  12  0:00  Drone  
  13  0:12  Overlord  
  13  0:16  Drone  
  14  0:30  Drone x2  
  16  0:47  Hatchery  
  15  0:50  Drone  
  15  0:54  Drone  
  17  0:57  Drone  
  18  1:07  Extractor  
  17  1:12  Spawning Pool  
  17  1:15  Drone  
  17  1:18  Drone  
  18  1:27  Drone  
  19  1:38  Drone  
  20  1:49  Drone  
  21  1:59  Queen x2  
  21  2:00  Zergling x2, Overlord  
  26  2:07  Metabolic Boost  
  26  2:10  Drone x2  
  28  2:21  Drone x2  
  30  2:32  Hatchery  
  30  2:34  Zergling x2  
  30  2:38  Zergling x2  
  30  2:42  Drone x2  
  33  2:48  Baneling Nest  
  32  2:53  Overlord  
  32  2:58  Queen  
  32  3:02  Drone  
  34  3:06  Zergling x2  
  34  3:12  Drone  
  36  3:13  Drone x3  
  36  3:16  Overlord  
  36  3:19  Zergling x2  
  40  3:24  Evolution Chamber  
  40  3:25  Drone  
  40  3:26  Drone  
  41  3:30  Zergling x2  
  41  3:32  Baneling x2  
  41  3:33  Baneling  
  42  3:35  Zergling x2  
  42  3:39  Drone  
  44  3:42  Drone x3  
  44  3:45  Drone  
  48  3:52  Drone, Overlord  
  48  3:54  Drone  
  50  4:01  Zerg Melee Weapons Level 1  
  50  4:03  Zergling x4  
  50  4:08  Extractor  
  50  4:09  Zergling x10  
  56  4:10  Extractor  
  56  4:12  Drone  
  56  4:16  Drone x2  
  57  4:17  Drone  
  57  4:18  Drone  
  57  4:20  Drone  
  59  4:26  Overlord  
  59  4:29  Baneling x2  
  59  4:30  Overlord  
  59  4:36  Zergling x2  
  59  4:37  Zergling x2  
  61  4:40  Lair  
  61  4:43  Zergling x8  
  65  4:45  Baneling  
  65  4:49  Overlord  
  65  4:50  Zergling x4  
  67  4:55  Zergling x8  
  69  5:03  Zergling x6  
  69  5:08  Zergling x8  
  68  5:16  Zergling x2  
  68  5:17  Zergling x10  
  68  5:20  Drone  
  74  5:25  Drone x2  
  74  5:27  Drone  
  75  5:32  Drone x3  
  75  5:34  Drone  
  74  5:37  Drone  
  74  5:38  Drone  
  74  5:41  Zergling x6  
  76  5:43  Baneling  
  76  5:44  Baneling x2, Spire  
  73  5:52  Zergling x10  
  76  6:03  Drone x6  
  82  6:04  Baneling x6  
  82  6:09  Zergling x8  
  80  6:18  Drone  
  80  6:19  Drone x2  
  80  6:21  Extractor  
  82  6:26  Overseer  
  82  6:27  Overlord  
  82  6:31  Extractor  
  82  6:32  Drone x2  
  83  6:35  Extractor, Overlord  
  83  6:39  Drone x2  
  81  6:53  Hatchery, Zergling x20  
  84  7:03  Mutalisk  
  84  7:04  Mutalisk x2  
  89  7:13  Mutalisk, Overlord  
  86  7:16  Mutalisk x4  
  94  7:23  Overlord  
  94  7:26  Mutalisk x2  
  94  7:28  Overlord  
  98  7:30  Overlord  
  98  7:33  Overlord  
  98  7:41  Mutalisk x2  
  98  7:43  Overlord  
  98  7:44  Zergling x12  
  98  7:49  Mutalisk, Overlord  
  106  7:51  Zergling x10  
  106  7:55  Baneling x2  
  106  7:56  Mutalisk  
  110  8:01  Mutalisk  
  110  8:03  Zergling x2  
  113  8:09  Queen  
  114  8:14  Mutalisk x2  
  114  8:15  Extractor  
  114  8:16  Zergling x14  
  114  8:17  Extractor  
  123  8:27  Mutalisk  
  123  8:28  Mutalisk  
  123  8:32  Mutalisk  
  128  8:34  Zergling x8  
  128  8:40  Mutalisk  
  129  8:41  Overlord  
  129  8:44  Zergling x14  
  129  8:51  Mutalisk x2  
  125  8:58  Mutalisk  
  125  8:59  Zergling x2  
  125  9:00  Zergling x8  
  125  9:04  Mutalisk  
  125  9:08  Mutalisk  
  128  9:13  Mutalisk  
  128  9:15  Overlord  
  130  9:19  Mutalisk  
  130  9:22  Zergling x10  
  127  9:28  Mutalisk x2  
  115  9:37  Zergling x6  
  108  9:41  Mutalisk  
  108  9:43  Mutalisk  
  111  9:48  Mutalisk x3  
  107  9:58  Mutalisk x2  
  105  10:03  Mutalisk  
  105  10:06  Zergling x12  
  110  10:08  Mutalisk  
  110  10:12  Mutalisk  
  113  10:16  Mutalisk  
  114  10:23  Mutalisk  
  114  10:25  Zergling x8  
  111  10:32  Mutalisk x2  
  113  10:45  Mutalisk x2  
  101  10:53  Mutalisk  
  101  10:55  Zergling x14  
  92  10:58  Mutalisk  
  86  11:06  Mutalisk x2  
  88  11:16  Mutalisk  
  78  11:21  Zergling x12  
  78  11:25  Mutalisk  
  68  11:32  Spore Crawler  
  57  11:36  Spore Crawler  
Tags
 
Add a new tag
Caveats
  • Supply blocks, unpowered buildings, or Contaminate may cause inaccurate times.
  • Supply counts are checked every 10 seconds.